 Dungeon Crawl Stone Soup version 0.30-a0-946-gec5dcfc036 (webtiles) character file.

Game seed: 7602612770287449829

36 2tousent the Chiller (level 3, -1/26 HPs)
             Began as a Demonspawn Ice Elementalist on Mar 26, 2023.
             Slain by Duvessa
             ... wielding a +0 short sword
              (7 damage)
             ... on level 4 of the Dungeon.
             The game lasted 00:02:15 (1322 turns).

2tousent the Chiller (Demonspawn Ice Elementalist)  Turns: 1322, Time: 00:02:15

Health: -1/26      AC:  6    Str:  8    XL:     3   Next: 19%
Magic:  5/6        EV: 12    Int: 18    God:
Gold:   68         SH:  0    Dex: 13    Spells: 5/6 levels left

rFire   . . .      SeeInvis .    e - +0 dagger
rCold   + . .      Faith    .    (no shield)
rNeg    . . .      Spirit   .    a - +1 robe
rPois   .          Reflect  .    c - +0 helmet
rElec   .          Rampage  .    (no cloak)
rCorr   .                        (no gloves)
Will    .....                    (no boots)
Stlth   ++                       (no amulet)
HPRegen 0.24/turn                (no ring)
MPRegen 0.10/turn                (no ring)

@: no status effects
A: slimy green scales 1, powered by death 1, cold resistance 1, MP-powered wands
a: no special abilities


You were on level 4 of the Dungeon.
You visited 1 branch of the dungeon, and saw 3 of its levels.

You collected 68 gold pieces.

Inventory:

Hand Weapons
 e - a +0 dagger (weapon)
Armour
 a - a +1 robe (worn)
 c - a +0 helmet (worn)
 h - the +0 pair of gloves of Dogmatism {Rampage Drain rN+++ Will- Str+2}
   (You found it on level 4 of the Dungeon)

   Str:       It affects your strength (+2).
   rN:        It renders you almost immune to negative energy.
   Drain:     It drains your maximum health when unequipped.
   Rampage:   It bestows one free step when moving towards enemies.
   Will:      It decreases your willpower.
Jewellery
 d - a ring of protection from cold
Potions
 b - a potion of magic
 f - a potion of mutation
 g - a potion of attraction {unknown}


   Skills:
 + Level 1.2 Fighting
 - Level 1.7 Dodging
 - Level 1.7 Stealth
 + Level 2.4 Spellcasting
 * Level 4.1 Ice Magic


You had 5 spell levels left.
You knew the following spells:

 Your Spells              Type           Power      Damage    Failure   Level
a - Freeze                Ice            68%        1d8       3%          1

Your spell library contained the following spells:

 Spells                   Type           Power      Damage    Failure   Level
 Frozen Ramparts          Ice            34%        1d6       10%         3
 Ozocubu's Armour         Ice            17%        N/A       10%         3
 Summon Ice Beast         Ice/Summ       9%         N/A       58%         4


Dungeon Overview and Level Annotations

Branches:
Dungeon (2/15)

Altars:

Annotations:
D:4 Dowan, Duvessa


Innate Abilities, Weirdness & Mutations

You are partially covered in slimy green scales. (AC +2)
You regenerate a little health from kills.
Your flesh is cold resistant. (rC+)
You expend magic power (3 MP) to strengthen your wands.


Message History

Your magical contamination has completely faded away.
Dowan, Brother of Duvessa comes into view.
He is wielding a +1 dagger of protection.
Dowan shouts!
Duvessa, Sister of Dowan comes into view.
She is wielding a +0 short sword.
You hear the slow hiss of a very distant avalanche of sand.
Duvessa shouts!
Dowan closely misses you.
You see here the +0 pair of gloves of Dogmatism {Rampage Drain rN+++ Will- Str+2}.
h - the +0 pair of gloves of Dogmatism {Rampage Drain rN+++ Will- Str+2} Dowan completely misses you.
Duvessa misses you.
You aren't carrying any scrolls.
Dowan gestures wildly while chanting.
Dowan blinks!
Duvessa hits you with a +0 short sword. Duvessa closely misses you.
Duvessa attacks as you move away! Duvessa hits you with a +0 short sword.
Dowan says, "My weaknesses are her strengths!"
Duvessa barely misses you. Duvessa attacks as you move away!
Duvessa hits you with a +0 short sword.
Dowan casts a spell at Duvessa.
Duvessa seems to speed up.
Duvessa says, "When magic and the sword combine, nothing stands against them."
Duvessa barely misses you.
Dowan gestures wildly while chanting.
Dowan blinks!
Duvessa barely misses you. Duvessa attacks as you move away!
Duvessa hits you with a +0 short sword! Duvessa closely misses you.
Duvessa hits you with a +0 short sword!
* * * LOW HITPOINT WARNING * * *
Duvessa attacks as you move away! Duvessa barely misses you.
Duvessa hits you but does no damage.
Dowan says, "My weaknesses are her strengths!"
Duvessa attacks as you move away! Duvessa hits you but does no damage.
Duvessa attacks as you move away! Duvessa closely misses you.
Duvessa barely misses you.
It was a potion of mutation.
You feel extremely strange.
You feel resistant to cold.
You feel your magical essence link to the dungeon's wands.
Duvessa hits you with a +0 short sword!
You die...

.......#.#.#..........#..#
...#.#.#...#.#.#...#.##..#
.#.#...........#.#.##.#..#
...##.....##........#..#
...............#.##.#.##
....#.###e#....#......#
......)........####.###
...##..)e.##....# #.#
#......@....#.## #.#
#.#.#...#.#.### #.#
.....#.#.##### #.#
.............# #.#
.......#####.# #.# ######.
#.# #.# #. #.# #.#
#.######.# #........#


You could see Duvessa (fast) and Dowan.

Vanquished Creatures
  2 dart slugs (D:1)
  An endoplasm (D:1)
  4 goblins
  5 hobgoblins
  4 quokkas (D:1)
  4 ball pythons (D:1)
  A bat (D:1)
  3 frilled lizards (D:1)
  5 kobolds
29 creatures vanquished.

Notes
Turn   | Place    | Note
-------+----------+-------------------------------------------
     0 | D:1      | 2tousent the Demonspawn Ice Elementalist began the quest
                  | for the Orb.
     0 | D:1      | Reached XP level 1. HP: 13/13 MP: 3/3
   190 | D:1      | Gained mutation: You regenerate a little health from kills.
                  | [demonic ancestry]
   190 | D:1      | Reached XP level 2. HP: 19/20 MP: 3/5
   456 | D:1      | Reached skill level 4 in Ice Magic
   554 | D:1      | Reached skill level 1 in Fighting
   720 | D:1      | Gained mutation: You are partially covered in slimy green
                  | scales. (AC +2) [demonic ancestry]
   720 | D:1      | Reached XP level 3. HP: 15/26 MP: 2/6
  1143 | D:2      | You fall into a shaft and drop 2 floors!
  1294 | D:4      | Noticed Dowan
  1294 | D:4      | Noticed Duvessa
  1297 | D:4      | Identified the +0 pair of gloves of Dogmatism {Rampage
                  | Drain rN+++ Will- Str+2}
  1322 | D:4      | Gained mutation: Your flesh is cold resistant. (rC+)
                  | [potion of mutation]
  1322 | D:4      | Gained mutation: You expend magic power (3 MP) to
                  | strengthen your wands. [potion of mutation]
  1322 | D:4      | Slain by Duvessa

Illustrated notes

Levels and vault maps discovered:
D:1:      nicolae_arrival_memento_mori, layout_basic
D:2:      layout_loops_corners
D:4:      nicolae_cairo_tiling_large_dashed, layout_basic, enter_ossuary_4,
          kennysheep_opposing_triangles, uniq_duvessa, uniq_crazy_yiuf_cottage,
          uniq_blork_the_orc

Skill      XL: |  1  2 |
---------------+-------+-----
Ice Magic      | 4 |  4.1
Fighting       | 1 |  1.2
Dodging        | |  1.7
Stealth        | |  1.7
Spellcasting   | |  2.4

Action                     || total
---------------------------++-------
  Melee: Unarmed           ||     6
         Dagger            ||    30
   Cast: Freeze            ||    46
    Use: Scroll            ||     2
         Potion            ||     1
 Armour: Robe              ||    23
  Dodge: Dodged            ||    48

Table legend: (Time is in decaauts)
 A = Elapsed time spent in this place.
 B = Non-inter-level travel time spent in this place.
 C = Inter-level travel time spent in this place.
 D = Time resting spent in this place.
 E = Time spent auto-exploring this place.
 F = Levels seen in this place.
 G = Mean time per level.
                   A        B        C        D        E       F      G
               +--------+--------+--------+--------+--------+-----+--------+
         Total |   1321 |   1303 |     18 |      0 |   1060 |   3 |  440.3 |
       Dungeon |   1321 |   1303 |     18 |      0 |   1060 |   3 |  440.3 |
               +--------+--------+--------+--------+--------+-----+--------+

Top non-repeatable levels by time:
     D:1: 1137 daAuts
     D:4: 178 daAuts
     D:2: 4 daAuts
